 Dungeon Crawl Stone Soup version 0.28.0-45-g0d030f2227 (webtiles) character file.

Game seed: 901464467458022181

2 MisterFreud the Skirmisher (level 1, -4/19 HPs)
             Began as a Draconian Cinder Acolyte on Mar 31, 2022.
             Was a High Priest of Ignis.
             Slain by a gnoll
             ... wielding a +4 flail
              (11 damage)
             ... on level 1 of the Dungeon.
             The game lasted 00:00:15 (16 turns).

MisterFreud the Skirmisher (Draconian Cinder Acolyte) Turns: 16, Time: 00:00:15

Health: -4/19      AC:  4    Str: 16    XL:     1   Next: 25%
Magic:  2/2        EV: 11    Int: 14    God:    Ignis [*****.]
Gold:   0          SH:  0    Dex:  6    Spells: 2/2 levels left

rFire   + . .      SeeInvis .   a - -1 falchion (flame)
rCold   . . .      Faith    .   (no shield)
rNeg    . . .      Spirit   .   (armour unavailable)
rPois   .          Reflect  .   (helmet restricted)
rElec   .          Harm     .   (no cloak)
rCorr   .          Rampage  .   (no gloves)
Will    .....                   (no boots)
Stlth   +.........              (no amulet)
HPRegen 0.06/turn               (no ring)
MPRegen 0.08/turn               (no ring)

@: no status effects
A: AC +4, unfitting armour, cold-blooded
a: Renounce Religion, Fiery Armour, Foxfire Swarm, Rising Flame


You were on level 1 of the Dungeon.
You worshipped Ignis.
Ignis was extremely pleased with you.
You visited 1 branch of the dungeon, and saw 1 of its levels.

Inventory:

Hand Weapons
 a - a -1 falchion of flaming (weapon)


   Skills:
 - Level 3.2 Fighting
 * Level 3.1 Long Blades
 - Level 1.0 Spellcasting
 - Level 3.0 Fire Magic


You had 2 spell levels left.
You didn't know any spells.
Your spell library contained the following spells:

 Spells                   Type           Power      Damage    Failure   Level
 Scorch                   Fire           18%        2d6       12%         2


Dungeon Overview and Level Annotations

Branches:
Dungeon (1/15)

Altars:


Innate Abilities, Weirdness & Mutations

Your plain brown scales are hard. (AC +4)
You cannot fit into any form of body armour.
You are cold-blooded and may be slowed by cold attacks.


Message History

Welcome, MisterFreud the Draconian Cinder Acolyte.
Will you be the one to retrieve the awesome Orb of Zot from the depths?
The flames of Ignis gently warm you.
Press ? for a list of commands and other information.
Found 23 stones and 10 gold pieces.
Found a staircase leading out of the dungeon.
A hobgoblin and a ball python come into view.
The hobgoblin shouts!
The ball python hisses angrily.
There are monsters nearby!
There is a fountain of clear blue water here.
A gnoll comes into view. It is wielding a +4 flail.
The gnoll shouts!
The ball python completely misses you. The ball python closely misses you.
You barely miss the ball python. The ball python closely misses you.
The ball python grabs you. The ball python constricts you.
The ball python bites you but does no damage.
The ball python constricts you.
You barely miss the ball python.
Your tail-slap misses the ball python.
The ball python bites you but does no damage.
The ball python constricts you. The hobgoblin barely misses you.
You closely miss the ball python. The ball python completely misses you.
The ball python constricts you.
The hobgoblin hits you but does no damage.
You hit the ball python. You burn the ball python.
You kill the ball python!
The hobgoblin hits you. The hobgoblin hits you.
You closely miss the hobgoblin. The hobgoblin barely misses you.
You hit the hobgoblin. You burn the hobgoblin.
You kill the hobgoblin!
You hit the gnoll but do no damage. The gnoll hits you with a +4 flail!
Ouch! That really hurt!
The gnoll hits you with a +4 flail!
Ouch! That really hurt!
You die...

#.........#
#....<....#
#.........#
#.8.....8.#
#...⌠.⌠...#
#.........#
#..#####..#
#.g#≈≈≈#.(#
#.@#S≈≈#$.#
#..#≈≈≈#..#
#..#≈≈≈#..#
#..#≈≈≈#..#
#..#≈≈≈#..#
#..#≈≈≈#..
#..#####..
#.........


You could see an electric eel and a gnoll.

Vanquished Creatures
  A hobgoblin (D:1)
  A ball python (D:1)
2 creatures vanquished.

Notes
Turn   | Place    | Note
-------+----------+-------------------------------------------
     0 | D:1      | MisterFreud the Draconian Cinder Acolyte began the quest
                  | for the Orb.
     0 | D:1      | Reached XP level 1. HP: 19/19 MP: 2/2
     1 | D:1      | Noticed an electric eel
    16 | D:1      | Slain by a gnoll

Illustrated notes

Levels and vault maps discovered:
D:1:      arrival_aquarium_a, layout_loops_ring, due_unseen_surprise

Action                   || total
-------------------------++-------
Melee: Falchion          ||     7
Armor: Skin              ||     3
Dodge: Dodged            ||     6
